 Dungeon Crawl Stone Soup version 0.30-a0-140-gd1020e658a (webtiles) character file.

Game seed: 134786815054944774

32 Bnni the Trooper (level 3, 29/29 HPs)
             Began as a Demonspawn Fighter on Sept 24, 2022.
             Quit the game on level 2 of the Dungeon.
             The game lasted 00:01:53 (1296 turns).

Bnni the Trooper (Demonspawn Fighter)               Turns: 1296, Time: 00:01:54

Health: 29/29      AC:  6    Str: 18    XL:     3   Next: 8%
Magic:  12/12      EV: 11    Int:  9    God:
Gold:   80         SH:  4    Dex: 12    Spells: 2/2 levels left

rFire   . . .      SeeInvis +    a - +0 flail
rCold   . . .      Faith    .    c - +0 buckler
rNeg    . . .      Spirit   .    b - +0 scale mail
rPois   .          Reflect  .    (no helmet)
rElec   .          Harm     .    (no cloak)
rCorr   .          Rampage  .    (no gloves)
Will    .....                    (no boots)
Stlth   ..........               (no amulet)
HPRegen 0.09/turn                h - ring of magical power
MPRegen 0.13/turn                e - ring of see invisible

@: no status effects
A: repulsion field 1, demonic magic 1
a: no special abilities


You were on level 2 of the Dungeon.
You visited 1 branch of the dungeon, and saw 2 of its levels.

You collected 80 gold pieces.

Inventory:

Hand Weapons
 a - a +0 flail (weapon)
Armour
 b - a +0 scale mail (worn)
 c - a +0 buckler (worn)
Jewellery
 e - a ring of see invisible (right hand)
 h - a ring of magical power (left hand)
Scrolls
 f - 2 scrolls of enchant weapon {unknown}
 g - a scroll of enchant armour {unknown}
 l - a scroll of teleportation {unknown}
 n - a scroll of summoning {unknown}
Potions
 d - a potion of might
 i - 2 potions of curing {unknown}
 j - a potion of attraction {unknown}
 k - 2 potions of berserk rage {unknown}
 m - a potion of brilliance {unknown}
 o - a potion of heal wounds {unknown}


   Skills:
 + Level 3.4 Fighting
 * Level 2.9 Maces & Flails
 - Level 2.6 Armour
 - Level 2.6 Shields


You had 2 spell levels left.
You didn't know any spells.
Your spell library was empty.

Dungeon Overview and Level Annotations

Branches:
Dungeon (2/15)

Altars:


Innate Abilities, Weirdness & Mutations

You are surrounded by a mild repulsion field. (EV +2)
Spells you cast may paralyse adjacent enemies.


Message History

No target in view!
No target in view!
No target in view!
No target in view!
No target in view!
No target in view!
No target in view!
No target in view!
m - a viscous sapphire potion
Found a stone staircase leading down.
No target in view!
n - a scroll labelled RYRHIY PAW CEA
Found a stone staircase leading up.
A frilled lizard comes into view.
The frilled lizard hisses angrily.
No target in view!
No target in view!
No target in view!
No target in view!
No target in view!
No target in view!
No target in view!
No target in view!
No target in view!
No target in view!
No target in view!
No target in view!
No target in view!
No target in view!
You sock the frilled lizard!
You kill the frilled lizard!
No target in view!
No target in view!
No target in view!
No target in view!
No target in view!
No target in view!
No target in view!
o - a lumpy coppery potion Are you sure you want to abandon this character and quit the game? (Confirm with "yes".)

. .## . # ..# .. #.
#.# ...#.##.####
...>................
.#................#
................@.#
..........######..#
.##....#..######..#
(.................##
.##....#..##.#.....#
.............#.#...#
.##....##....#.#.!.#
.##....##....#.#...##
.......##.....<.....#


There were no monsters in sight!

Vanquished Creatures
  2 ball pythons (D:1)
  2 endoplasms
  4 goblins
  2 hobgoblins (D:1)
  3 jackals (D:1)
  3 quokkas (D:1)
  4 bats
  2 frilled lizards (D:2)
  4 kobolds (D:1)
  2 rats
28 creatures vanquished.

Notes
Turn   | Place    | Note
-------+----------+-------------------------------------------
     0 | D:1      | Bnni the Demonspawn Fighter began the quest for the Orb.
     0 | D:1      | Reached XP level 1. HP: 18/18 MP: 1/1
   283 | D:1      | Gained mutation: You are surrounded by a mild repulsion
                  | field. (EV +2) [demonic ancestry]
   283 | D:1      | Reached XP level 2. HP: 14/24 MP: 2/2
  1143 | D:2      | Gained mutation: Spells you cast may paralyse adjacent
                  | enemies. [demonic ancestry]
  1143 | D:2      | Reached XP level 3. HP: 25/29 MP: 3/3
  1296 | D:2      | Quit the game

Illustrated notes

Levels and vault maps discovered:
D:1:      grunt_arrival_crossed_arrows, layout_basic
D:2:      layout_basic, chequers_ecumenical_altar_island, serial_shops,
          nicolae_shop_bloodbath_and_beyond

Skill      XL: |  1 |
---------------+----+-----
Maces & Flails | 2 |  2.9
Fighting       | |  3.4
Armour         | |  2.6
Shields        | |  2.6

Action                   || total
-------------------------++-------
Melee: Flail             ||    83
Armor: Scale mail        ||    44
Dodge: Dodged            ||    30
Block: Buckler           ||    21

Table legend: (Time is in decaauts)
 A = Elapsed time spent in this place.
 B = Non-inter-level travel time spent in this place.
 C = Inter-level travel time spent in this place.
 D = Time resting spent in this place.
 E = Time spent auto-exploring this place.
 F = Levels seen in this place.
 G = Mean time per level.
                   A        B        C        D        E       F      G
               +--------+--------+--------+--------+--------+-----+--------+
         Total |   1323 |   1318 |      5 |    169 |    942 |   2 |  661.5 |
       Dungeon |   1323 |   1318 |      5 |    169 |    942 |   2 |  661.5 |
               +--------+--------+--------+--------+--------+-----+--------+

Top non-repeatable levels by time:
     D:1: 1126 daAuts
     D:2: 196 daAuts
